 Dungeon Crawl Stone Soup version 0.31-a0-369-g8eba5f6939 (webtiles) character file.

Game seed: 103113553961564370

32 shadowstone the Conjurer (level 3, -5/2 (18) HPs)
             Began as a Vine Stalker Reaver on July 28, 2023.
             Slain by a kobold
             ... wielding a +1 short sword of electrocution
              (6 damage)
             ... on level 2 of the Dungeon.
             The game lasted 00:04:10 (2435 turns).

shadowstone the Conjurer (Vine Stalker Reaver)      Turns: 2435, Time: 00:04:11

HP:   -5/2 (18)     AC: 12    Str: 14    XL:     3   Next: 27%
MP:   0/7           EV:  3    Int: 15    God:
Gold: 50            SH:  0    Dex: 12    Spells: 6/7 levels left

rFire   . . .        e - +0 falchion
rCold   . . .        (no shield)
rNeg    . . .        j - +0 plate armour
rPois   .            d - +1 helmet
rElec   .            (no cloak)
rCorr   .            (no gloves)
SInv    .            (no boots)
Will    .....        (no amulet) Stlth
                     (no ring)
HPRegen 0.20/turn    (no ring)
MPRegen 0.10/turn

%: guardian spirit
@: extremely drained
A: fangs 2, magic shield, antimagic bite, no potion heal 2
a: no special abilities


You were on level 2 of the Dungeon.
You visited 1 branch of the dungeon, and saw 2 of its levels.

You collected 50 gold pieces.

Inventory:

Hand Weapons
 e - a +0 falchion (weapon)
Armour
 a - a +0 leather armour
 d - a +1 helmet (worn)
 j - a +0 plate armour (worn)
Scrolls
 b - 3 scrolls of immolation {unknown}
 c - 2 scrolls of fear {unknown}
 f - a scroll of poison {unknown}
 g - a scroll of identify {unknown}
 i - a scroll of fog {unknown}
Potions
 h - a potion of invisibility {unknown}


   Skills:
 + Level 1.9 Fighting
 + Level 0.3 Armour
 + Level 1.7 Dodging
 + Level 3.3 Unarmed Combat
 + Level 2.5 Spellcasting
 + Level 3.3 Conjurations
 + Level 0.3 Necromancy


You had 6 spell levels left.
You knew the following spells:

 Your Spells              Type           Power      Damage    Failure   Level
a - Kiss of Death         Conj/Necr      28%        2d7       100%        1

Your spell library contained the following spells:

 Spells                   Type           Power      Damage    Failure   Level
 Momentum Strike          Conj/Tloc      12%        3d8       100%        2
 Hailstorm                Conj/Ice       6%         3d4       100%        3


Dungeon Overview and Level Annotations

Branches:
Dungeon (2/15)

Altars:


Innate Abilities, Weirdness & Mutations

You have extremely sharp teeth.
When hurt, damage is shared between your health and your magic reserves.
Your bite disrupts and absorbs the magic of your enemies.
Potions cannot restore your health.


Message History

Done exploring.
Done exploring.
Done exploring.
Done exploring.
Done exploring.
Done exploring.
Done exploring.
Done exploring.
Done exploring.
Done exploring.
Done exploring.
There is a stone staircase leading down here.
You climb downwards.
Found a plate armour and a purple potion.
There is a stone staircase leading up here.
You see here a +0 plate armour.
j - a +0 plate armour You start removing your armour.
You continue taking off your +0 leather armour. x4
You finish taking off your +0 leather armour.
You start putting on your armour.
You continue putting on your +0 plate armour. x5
You finish putting on your +0 plate armour.
Found a stone staircase leading down.
Found 11 gold pieces.
You now have 50 gold pieces (gained 11).
Found a dagger.
A kobold comes into view.
It is wielding a +1 short sword of electrocution.
The kobold shouts!
You hear a shout!
You hear an angry hiss. x2
The kobold moves out of view.
A goblin comes into view. It is wielding a +0 club.
A hobgoblin, 2 adders and a kobold come into view.
The goblin shouts!
The hobgoblin shouts!
The adder hisses angrily. x2
The kobold shouts!
The kobold hits you but does no damage.
The kobold hits you with a +1 short sword of electrocution.
Ouch! That really hurt!
You are electrocuted!
Ouch! That really hurt!
You die...

...... ... .......
.. ....... ..
.........##
..........
...Kg#.#.#######
...............#
..g..#K@....##.#
....SS.......#>#
.....##..#####.#
.... #.......#.#
... #.#####...# ..
#.# ####.###### .
#.# #.........#
#.####.........#
###..............#


You could see 2 adders, a goblin and 2 kobolds.

Vanquished Creatures
  A dart slug (D:1)
  A ball python (D:1)
  4 endoplasms (D:1)
  A goblin (D:1)
  3 hobgoblins (D:1)
  6 jackals (D:1)
  A frilled lizard (D:1)
  5 kobolds (D:1)
  5 rats (D:1)
27 creatures vanquished.

Notes
Turn   | Place    | Note
-------+----------+-------------------------------------------
     0 | D:1      | shadowstone the Vine Stalker Reaver began the quest for the
                  | Orb.
     0 | D:1      | Reached XP level 1. HP: 11/11 MP: 4/4
   189 | D:1      | Reached XP level 2. HP: 7/7 MP: 4/6
   491 | D:1      | Reached XP level 3. HP: 4/5 MP: 2/7
  2435 | D:2      | Slain by a kobold

Illustrated notes

Levels and vault maps discovered:
D:1:      dpeg_arrival_triangle_fractal, layout_loops_ring, serial_park_tiny_1
D:2:      layout_rooms, hangedman_decor_slide_cut

Action                     || total
---------------------------++-------
  Melee: Unarmed           ||    20
         Bite              ||     6
         Punch             ||     2
         Falchion          ||    18
   Cast: Kiss of Death     ||    15
 Armour: Leather armour    ||    16
         Plate armour      ||     1
  Dodge: Dodged            ||    36

Table legend: (Time is in decaauts)
 A = Elapsed time spent in this place.
 B = Non-inter-level travel time spent in this place.
 C = Inter-level travel time spent in this place.
 D = Time resting spent in this place.
 E = Time spent auto-exploring this place.
 F = Levels seen in this place.
 G = Mean time per level.
                   A        B        C        D        E       F      G
               +--------+--------+--------+--------+--------+-----+--------+
         Total |   2438 |   2431 |      7 |   1332 |    537 |   2 | 1219.0 |
       Dungeon |   2438 |   2431 |      7 |   1332 |    537 |   2 | 1219.0 |
               +--------+--------+--------+--------+--------+-----+--------+

Top non-repeatable levels by time:
     D:1: 2395 daAuts
     D:2: 43 daAuts
